 Dungeon Crawl Stone Soup version 0.17.0-7-gfadd4cc (console) character file.

180151 Kloppie the Bludgeoner (level 17, 0/117 HPs)
             Began as a Gargoyle Berserker on Nov 8, 2015.
             Was a High Priest of Trog.
             Slain by a sea snake (12 damage)
             ... on level 3 of the Shoals.
             The game lasted 02:06:25 (33634 turns).

Kloppie the Bludgeoner (Gargoyle Berserker)        Turns: 33634, Time: 02:06:26

Health: 0/117      AC: 48    Str: 27    XL:     17   Next: 91%
Magic:  24/24      EV:  9    Int: 10    God:    Trog [*****.]
Gold:   1360       SH:  0    Dex: 11    Spells: 0 memorised, 16 levels left

rFire  . . .     SeeInvis .     a - +7 great mace (freeze)
rCold  . . .     Clarity  .     G - +4 plate armour {MR+}
rNeg   + . .     SustAt   .     (shield currently unavailable)
rPois  ∞         Gourm    .     X - +2 hat
rElec  +         Spirit   .     R - +2 cloak
rCorr  .         Warding  .     d - +2 pair of gloves {Str+3}
rMut   .         Stasis   .     C - +0 pair of boots
MR     ++++.                    (no amulet)
Stlth  ..........               E - +4 ring of slaying
                                D - +3 ring of protection

@: regenerating, incredibly resistant to hostile enchantments, extremely
unstealthy
A: big wings, negative energy resistance 1, electricity resistance, unbreathing,
petrification resistance, rot immunity, AC +12
a: Fly, Berserk, Trog's Hand, Brothers in Arms, Burn Spellbooks, Renounce
Religion
}: 1/15 runes: gossamer


You were on level 3 of the Shoals.
You worshipped Trog.
Trog was extremely pleased with you.
You were not hungry.

You visited 5 branches of the dungeon, and saw 31 of its levels.
You visited the Abyss 1 time.
You visited 1 bazaar.
You also visited: Ice Cave.

You collected 2708 gold pieces.
You spent 1348 gold pieces at shops.

Inventory:

Hand Weapons
 a - a +7 great mace of freezing (weapon)
 b - a +0 blowgun
 e - a +2 dire flail of protection
 y - a +4 antimagic great mace
Missiles
 x - 54 poisoned needles
Armour
 d - a +2 pair of gloves of strength (worn)
 z - a +2 plate armour of cold resistance
 C - a +0 pair of boots (worn)
 G - a +4 plate armour of magic resistance (worn)
 R - a +2 cloak (worn)
 X - a +2 hat (worn)
Jewellery
 l - an uncursed ring of stealth
 r - an uncursed ring of fire
 u - an uncursed ring of magical power
 D - a +3 ring of protection (left hand)
 E - a +4 ring of slaying (right hand)
 I - an uncursed ring of ice
 V - an uncursed ring of protection from cold
Wands
 g - a wand of digging (17)
 s - a wand of digging (12)
 J - a wand of disintegration (13)
 K - a wand of teleportation (6)
 L - a wand of confusion (32)
 Q - a wand of digging (21)
 W - a wand of teleportation (5)
Scrolls
 f - 4 scrolls of teleportation
 i - 3 scrolls of magic mapping
 p - 14 scrolls of identify
 A - 9 scrolls of recharging
 F - a scroll of summoning
 H - 2 scrolls of enchant armour
 N - a scroll of holy word
 P - 15 scrolls of remove curse
 S - 2 scrolls of blinking
Potions
 h - 8 potions of cancellation
 k - 5 potions of might
 t - a potion of resistance
 w - 5 potions of haste
 B - a potion of berserk rage
 O - 4 potions of invisibility
 Y - a potion of flight
 Z - 7 potions of curing
Miscellaneous
 j - a phial of floods
 m - a legendary deck of summoning
 n - a phial of floods
 o - a lantern of shadows
 q - a sack of spiders
 M - a disc of storms
 U - a fan of gales
Comestibles
 c - 10 bread rations
 v - 7 meat rations


   Skills:
 + Level 17.3 Fighting
 + Level 18.4 Maces & Flails
 + Level 17.2 Armour
 - Level 1.5 Dodging
 - Level 10.0 Evocations


You had 16 spell levels left.
You didn't know any spells.

Dungeon Overview and Level Annotations

Branches:
Dungeon (12/15)            Temple (0/1) D:4            Lair (8/8) D:11
 Shoals (3/4) Lair:4       Spider (4/4) Lair:6        Slime (0/6) Lair:7
    Orc (4/4) D:12
    Elf: Orc:3-4

Altars:
Cheibriados
Dithmenos
Elyvilon
Gozag
Nemelex Xobeh
Qazlal
Ru
Sif Muna
Trog
Xom
Zin
Beogh

Shops:
D:10 (!}}   Orc:2 }   Orc:4 [=[(   Shoals:2 }


Innate Abilities, Weirdness & Mutations

You are resistant to torment.
Your stone body is resilient (AC +12).
You are immune to poison.
Your large and strong wings let you fly indefinitely.
You resist negative energy.
You are resistant to electric shocks.
You can survive without breathing.
You are immune to petrification.
You are immune to rotting.


Message History

The satyr dies!
Trog accepts your kill.
Trog appreciates your killing of a magic user.
You see here 2 arrows.
The faun hits you but does no damage.
You hear a shout!
The merfolk hits you but does no damage.
A cyclops comes into view.
Your surroundings suddenly seem different.
Splash!
You fall into the shallow water.
Moving in this stuff is going to be slow.
The sea snake hisses angrily.
You hear a shout!
The sea snake bites you but does no damage.
Found 32 gold pieces and 11 stones.
A griffon comes into view.
The sea snake barely misses you.
You hear a shout!
The sea snake bites you!
You die...

.. #.≈≈≈≈≈≈≈
..## #.≈≈≈≈≈≈≈
≈.H.####.≈≈≈≈≈≈≈
≈≈≈≈.$≈≈≈≈≈≈≈≈≈≈
≈≈≈≈≈≈≈≈≈≈≈≈≈≈≈≈
.....≈≈≈≈≈≈≈≈≈≈≈
.(...≈≈≈≈...≈≈≈≈
#...≈≈≈@.#
.$#..≈≈S.##
≈≈≈.≈≈≈≈.#
≈≈≈≈≈≈≈≈.#
≈≈≈≈≈≈≈≈..
≈≈≈≈≈≈≈≈≈≈≈
.≈≈≈≈≈≈≈≈≈≈
.≈≈≈≈≈≈≈≈≈≈≈


You could see a griffon and a sea snake.

Vanquished Creatures
  Frances (Spider:1)
  Kirke (Lair:6)
  A frost giant (IceCv)
  7 ghost moths
  An orc warlord (Orc:4)
  6 emperor scorpions
  Snorg (Lair:4)
  The ghost of bezhaha the Destroyer, a journeyman DsWz of Sif Muna (Orc:4)
  A merfolk impaler (Shoals:2)
  A catoblepas (Lair:8)
  6 hydras
  3 merfolk avatars
  An alligator snapping turtle (Shoals:1)
  4 death yaks
  A merfolk aquamancer (Shoals:3)
  A queen ant (Lair:7)
  4 orc high priests
  A slime creature (D:12)
  6 sea snakes
  A wizard (D:11)
  5 orc knights
  4 harpies (Shoals:1)
  23 orb spiders
  6 hill giants
  3 moths of wrath
  2 manticores
  5 orc sorcerers
  3 cyclopes
  8 hornets
  29 wolf spiders
  5 water nymphs
  2 ugly things
  4 black mambas
  5 griffons
  2 fauns (Shoals:1)
  3 sirens
  13 spiny frogs
  6 elephants
  2 torpor snails (Spider:2)
  An ice statue (IceCv)
  2 gargoyles
  5 komodo dragons
  3 fire drakes
  20 demonic crawlers
  4 trolls
  14 blink frogs
  3 merfolk (Shoals:2)
  20 jumping spiders
  17 polar bears (IceCv)
  A wind drake (Shoals:2)
  3 snapping turtles
  2 wyverns
  15 trapdoor spiders
  2 boulder beetles (Spider:2)
  2 water elementals (Shoals:3)
  2 two-headed ogres
  27 redbacks
  4 deep elf magi
  23 tarantellas
  4 hogs (Lair:6)
  80 yaks
  3 hungry ghosts
  3 basilisks
  10 hippogriffs
  48 wolves
  5 soldier ants (Lair:7)
  13 porcupines
  A swamp drake (D:11)
  30 spiders
  5 phantoms
  14 water moccasins
  4 black bears
  2 necrophages
  21 orc warriors
  8 centaurs
  2 sky beasts
  4 wasps
  9 ogres
  19 crocodiles
  12 giant frogs
  A big kobold (D:11)
  6 scorpions
  5 killer bees
  4 electric eels
  4 jellies
  6 crimson imps
  A giant frog zombie (D:11)
  A lava snake (Lair:3)
  4 hounds
  8 iguanas
  24 orc priests
  30 orc wizards
  3 giant frog skeletons
  32 worker ants
  2 centaur skeletons
  2 killer bee zombies
  24 sheep
  A hound skeleton (D:11)
  2 worker ant zombies
  Robin (D:2)
  47 river rats
  9 adders
  2 shadow imps
  An ooze (Lair:7)
  An ufetubus (Abyss:1)
  3 worms
  An adder skeleton (D:10)
  4 giant geckos
  179 orcs
  5 giant cockroaches
  15 goblins
  10 hobgoblins
  22 jackals
  15 kobolds
  7 bats
  5 giant newts
  7 quokkas
  4 rats
  A fungus (Lair:3)
1145 creatures vanquished.

Vanquished Creatures (collateral kills)
  Gastronok (Lair:3)
  An orc warlord (Orc:3)
  Nessos (Lair:6)
  A dire elephant (Lair:8)
  A satyr (Shoals:3)
  A deep troll shaman (Lair:8)
  2 death yaks (Lair:8)
  Sonja (Lair:4)
  An orc sorcerer (Orc:3)
  A griffon (Shoals:3)
  An orb spider (Spider:2)
  A faun (Shoals:3)
  An elephant (Lair:8)
  A torpor snail (Spider:2)
  A spiny frog (Lair:6)
  A merfolk (Shoals:3)
  A yak (Lair:4)
  A hog (Lair:6)
  3 wolves (Lair:8)
  An orc warrior (Orc:3)
  An ogre (Orc:3)
  A giant frog (Lair:6)
  2 orc wizards (Orc:3)
  2 sheep (Shoals:3)
  7 orcs
36 creatures vanquished.

Vanquished Creatures (others)
  A jumping spider (Spider:1)
  A hippogriff (Lair:7)
  A jackal (D:8)
  7 fungi
  3 plants (Lair:8)
  6 starspawn tentacles (Abyss:1)
  41 starspawn tentacle segments (Abyss:1)
60 creatures vanquished.

Grand Total: 1241 creatures vanquished

Notes
Turn   | Place    | Note
--------------------------------------------------------------
     0 | D:1      | Kloppie the Gargoyle Berserker began the quest for the Orb.
     0 | D:1      | Reached XP level 1. HP: 14/14 MP: 1/1
   201 | D:1      | Reached XP level 2. HP: 19/19 MP: 2/2
   561 | D:1      | Reached ** piety under Trog
   568 | D:1      | Reached XP level 3. HP: 24/24 MP: 3/3
   898 | D:2      | Reached skill level 4 in Fighting
   900 | D:2      | Noticed Robin
   934 | D:2      | Killed Robin
   934 | D:2      | Reached XP level 4. HP: 29/29 MP: 4/4
  1264 | D:2      | Found a shimmering altar of Xom.
  1318 | D:2      | Reached *** piety under Trog
  1740 | D:3      | Reached XP level 5. HP: 34/34 MP: 5/5
  1856 | D:3      | Found a sparkling altar of Nemelex Xobeh.
  2536 | D:4      | Found a staircase to the Ecumenical Temple.
  2537 | D:4      | Noticed a phantom
  2644 | D:4      | Killed a phantom
  2644 | D:4      | Reached skill level 5 in Fighting
  2644 | D:4      | Reached XP level 6. HP: 20/40 MP: 6/6
  2876 | D:5      | Entered Level 5 of the Dungeon
  2953 | D:5      | Reached **** piety under Trog
  2953 | D:5      | Reached skill level 5 in Maces & Flails
  2953 | D:5      | Reached XP level 7. HP: 21/45 MP: 7/7
  2957 | D:5      | Reached skill level 5 in Armour
  3047 | D:5      | Reached skill level 6 in Fighting
  3249 | D:5      | Found a sacrificial altar of Ru.
  3276 | D:5      | Reached XP level 8. HP: 52/52 MP: 8/8
  3458 | D:5      | Found a stormy altar of Qazlal.
  3580 | D:6      | Reached skill level 7 in Fighting
  4076 | D:6      | Found a shadowy altar of Dithmenos.
  4649 | D:7      | Found a snail-covered altar of Cheibriados.
  4926 | D:7      | Reached XP level 9. HP: 59/59 MP: 9/9
  5178 | D:8      | Reached skill level 8 in Fighting
  5419 | D:8      | Found a deep blue altar of Sif Muna.
  5419 | D:8      | Found a glowing silver altar of Zin.
  5531 | D:8      | Found an opulent altar of Gozag.
  6101 | D:9      | Reached ***** piety under Trog
  6219 | D:9      | Reached skill level 9 in Fighting
  6248 | D:9      | Found a bloodstained altar of Trog.
  6312 | D:9      | Noticed a brown ugly thing
  6324 | D:9      | Killed a brown ugly thing
  6504 | D:9      | Reached XP level 10. HP: 58/66 MP: 10/10
  6556 | D:9      | Received a gift from Trog
  6657 | D:9      | Found a white marble altar of Elyvilon.
  6880 | D:10     | Entered Level 10 of the Dungeon
  6894 | D:10     | Found Teaneecw's Weapon Shop.
  6990 | D:10     | Noticed a hill giant
  7003 | D:10     | Killed a hill giant
  7254 | D:9      | Reached skill level 10 in Fighting
  7852 | D:10     | Found Liraafud's Distillery.
  7886 | D:10     | Reached skill level 10 in Armour
  7978 | D:10     | Found Ciunnozy's Gadget Boutique.
  8060 | D:10     | Found Cyesue's Gadget Emporium.
  8411 | D:10     | Noticed a hill giant
  8424 | D:10     | Killed a hill giant
  8595 | D:11     | Noticed a hill giant
  8610 | D:11     | Killed a hill giant
  8610 | D:11     | Reached skill level 10 in Maces & Flails
  8663 | D:11     | Noticed a hill giant
  8672 | D:11     | Reached XP level 11. HP: 73/73 MP: 11/11
  8679 | D:11     | Killed a hill giant
  8682 | D:11     | Reached skill level 11 in Fighting
  8772 | D:11     | Noticed a red ugly thing
  8792 | D:11     | Killed a red ugly thing
  9083 | D:11     | Noticed a wizard
  9093 | D:11     | Killed a wizard
  9634 | D:11     | Found a staircase to the Lair.
  9862 | Lair:1   | Entered Level 1 of the Lair of Beasts
  9907 | D:11     | Reached skill level 12 in Fighting
 10167 | D:11     | Reached XP level 12. HP: 61/81 MP: 12/12
 10689 | Lair:1   | Reached skill level 1 in Evocations
 11748 | Lair:3   | Noticed a four-headed hydra
 11748 | Lair:3   | Noticed a four-headed hydra
 11841 | Lair:3   | Killed a four-headed hydra
 12229 | Lair:3   | Killed a four-headed hydra
 12709 | Lair:3   | Reached skill level 5 in Evocations
 12942 | Lair:3   | Noticed Gastronok
 12953 | Lair:3   | Killed Gastronok
 12953 | Lair:3   | Received a gift from Trog
 12980 | Lair:3   | Identified a scroll of acquirement
 13335 | Lair:4   | Reached skill level 13 in Maces & Flails
 13434 | Lair:4   | Reached XP level 13. HP: 85/87 MP: 5/17
 13597 | Lair:4   | Noticed Sonja
 13607 | Lair:4   | Cast into the Abyss (Sonja)
 13649 | Abyss:1  | Noticed a cacodemon
 13653 | Abyss:1  | Gained mutation: Your body sometimes deteriorates upon taking damage. [a cacodemon]
 13704 | Abyss:1  | Noticed a starcursed mass
 13716 | Abyss:1  | Noticed a starcursed mass
 13718 | Abyss:1  | Noticed a tentacled starspawn
 13730 | Abyss:1  | Gained mutation: Your body often deteriorates upon taking damage. [a neqoxec]
 13901 | Abyss:1  | Gained mutation: Scrolls take you a little longer to read. [a neqoxec]
 13945 | Abyss:1  | Noticed a bone dragon
 14043 | Abyss:1  | Noticed a starcursed mass
 14086 | Lair:4   | Escaped the Abyss
 14299 | Lair:4   | Noticed a four-headed hydra
 14308 | Lair:4   | Killed a four-headed hydra
 14331 | Lair:4   | Killed Sonja
 14526 | Lair:4   | Noticed Snorg
 14529 | Lair:4   | Found a staircase to the Shoals.
 14540 | Lair:4   | Killed Snorg
 15059 | Lair:5   | Reached skill level 14 in Maces & Flails
 15217 | Lair:5   | Found a frozen archway.
 15224 | IceCv    | Entered an ice cave
 15552 | IceCv    | Received a gift from Trog
 15818 | IceCv    | Gained mutation: Your large and strong wings let you fly indefinitely. [Gargoyle growth]
 15818 | IceCv    | Reached XP level 14. HP: 59/92 MP: 7/21
 15973 | IceCv    | Noticed a frost giant
 15987 | IceCv    | Killed a frost giant
 16005 | IceCv    | Reached skill level 15 in Maces & Flails
 17016 | Lair:6   | Reached skill level 10 in Evocations
 17183 | Lair:6   | Noticed Nessos
 17189 | Lair:6   | Killed Nessos
 17260 | Lair:6   | Found a hole to the Spider Nest.
 17391 | Lair:6   | Noticed Kirke
 18187 | Lair:6   | Killed Kirke
 18914 | Lair:7   | Found a staircase to the Slime Pits.
 19546 | D:11     | Received a gift from Trog
 19692 | D:12     | Found a staircase to the Orcish Mines.
 20124 | D:12     | Reached XP level 15. HP: 62/99 MP: 22/22
 20391 | Orc:1    | Entered Level 1 of the Orcish Mines
 20575 | Orc:1    | Received a gift from Trog
 20933 | Orc:2    | Found Vitem's Gadget Boutique.
 21233 | Orc:2    | Reached skill level 16 in Maces & Flails
 21578 | Orc:2    | Found a roughly hewn altar of Beogh.
 21941 | Orc:3    | Received a gift from Trog
 22177 | Orc:4    | Entered Level 4 of the Orcish Mines
 22200 | Orc:4    | Noticed bezhaha's ghost (journeyman DsWz)
 22226 | Orc:4    | Killed bezhaha's ghost
 22883 | Orc:4    | Found Gumaem's Weapon Shop.
 22883 | Orc:4    | Found Teifa's Armour Shop.
 22886 | Orc:4    | Found Ekennopa's Jewellery Shoppe.
 22893 | Orc:4    | Found Mischusat's Antique Armour Shoppe.
 23027 | Orc:4    | Bought a pair of runed gloves for 112 gold pieces
 23469 | Lair:8   | Entered Level 8 of the Lair of Beasts
 23682 | Lair:8   | Received a gift from Trog
 23874 | Lair:8   | Reached ****** piety under Trog
 24326 | Lair:8   | Lost mutation: Your body often deteriorates upon taking damage. [potion of cure mutation]
 24326 | Lair:8   | Lost mutation: Your body sometimes deteriorates upon taking damage. [potion of cure mutation]
 24326 | Lair:8   | Lost mutation: Scrolls take you a little longer to read. [potion of cure mutation]
 24502 | Spider:1 | Entered Level 1 of the Spider Nest
 25277 | Spider:1 | Noticed Frances
 25516 | Spider:1 | Killed Frances
 25516 | Spider:1 | Reached XP level 16. HP: 77/107 MP: 23/23
 25941 | Spider:1 | Reached skill level 15 in Fighting
 26250 | Spider:1 | Reached skill level 17 in Maces & Flails
 26585 | Spider:2 | Reached skill level 15 in Armour
 27552 | Spider:2 | Received a gift from Trog
 28835 | Spider:4 | Entered Level 4 of the Spider Nest
 29170 | Spider:4 | Received a gift from Trog
 29448 | Spider:4 | HP: 5/110 [disintegration (27)]
 30057 | Spider:4 | Reached XP level 17. HP: 115/115 MP: 24/24
 30916 | Spider:4 | Reached skill level 18 in Maces & Flails
 31247 | Spider:4 | Received a gift from Trog
 31868 | Spider:4 | Got a gossamer rune of Zot
 32174 | Shoals:1 | Entered Level 1 of the Shoals
 32174 | Shoals:1 | Found a flickering gateway to a bazaar.
 32219 | Bazaar   | Entered a bazaar
 32219 | Bazaar   | Found Sobre's Antique Armour Boutique.
 32426 | Bazaar   | Found Haler's Magic Scroll Emporium.
 32438 | Bazaar   | Found Boir's General Store.
 32450 | Bazaar   | Found Avvaitt's Gadget Shoppe.
 32454 | Bazaar   | Found Teshrud's Antique Weapon Shoppe.
 32487 | Bazaar   | Bought a pair of embroidered gloves for 108 gold pieces
 32487 | Bazaar   | Bought a shiny plate armour for 552 gold pieces
 32537 | Bazaar   | Bought a scroll of enchant weapon for 67 gold pieces
 32537 | Bazaar   | Bought a scroll of identify for 18 gold pieces
 32537 | Bazaar   | Bought a scroll of enchant armour for 67 gold pieces
 32537 | Bazaar   | Bought a scroll of identify for 18 gold pieces
 32549 | Bazaar   | Bought a potion of resistance for 130 gold pieces
 32562 | Bazaar   | Bought a disc of storms for 180 gold pieces
 32581 | Bazaar   | Bought a glowing hat for 96 gold pieces
 33037 | Shoals:2 | Found Musowory's Gadget Shoppe.
 33290 | Shoals:2 | Received a gift from Trog
 33634 | Shoals:3 | Slain by a sea snake

Action                   |  1- 3 |  4- 6 |  7- 9 | 10-12 | 13-15 | 16-18 || total
-------------------------+-------+-------+-------+-------+-------+-------++-------
Melee: Mace              |   122 |   230 |    81 |       |       |       ||   433
       Flail             |       |    31 |       |       |       |       ||    31
       Morningstar       |       |       |   276 |   841 |       |       ||  1117
       Dire flail        |       |       |       |    25 |   388 |       ||   413
       Great mace        |       |       |       |       |  1272 |   869 ||  2141
       Unarmed           |       |       |       |       |     9 |       ||     9
 Fire: Blowgun           |       |     4 |       |       |       |       ||     4
Invok: Berserk           |     1 |     1 |     3 |     7 |     4 |     1 ||    17
       Trog's Hand       |       |       |     2 |     7 |    15 |     7 ||    31
       Brothers in Arms  |       |       |       |     1 |     8 |     2 ||    11
 Abil: Fly               |       |       |       |       |       |     2 ||     2
       Stop Flying       |       |       |       |       |       |     2 ||     2
Evoke: Wand              |       |       |       |       |     2 |       ||     2
       Phial of floods   |       |       |       |       |     1 |       ||     1
  Use: Scroll            |       |       |    19 |     9 |    13 |     8 ||    49
       Potion            |       |       |       |     1 |     4 |       ||     5
 Stab: Distracted        |       |       |       |       |     1 |       ||     1
       Petrified         |       |       |       |       |     1 |       ||     1
  Eat: Chunk             |       |     8 |    11 |    30 |    40 |     8 ||    97
       Meat ration       |       |       |     1 |       |     3 |     4 ||     8
       Fruit             |       |       |     1 |       |       |       ||     1
       Pizza             |       |       |       |     1 |       |     1 ||     2
       Beef jerky        |       |       |       |     1 |     1 |     1 ||     3
